BlackHawks vs RedWings

Created - October-05-13 at 11:03

Goals
1 2 3 OT1 T
BlackHawks 0 3 1 0 4
RedWings 0 2 2 1 5
Shots
1 2 3 OT1 T
BlackHawks 3 13 8 0 24
RedWings 16 7 6 2 31

1st period

No Goal

Penalties :
Francis Bouillon (CHI) for Hooking (Minor) at 1:09, Casey Cizikas (DET) for Slashing (Minor) at 2:40, Mark Eaton (CHI) for Hooking (Minor) at 7:41, Jack Hillen (CHI) for Slashing (Minor) at 10:02

2nd period

1. RedWings , Tyler Toffoli 1 (Eric Brewer, Taylor Beck) at 0:40
2. BlackHawks , Tyler Kennedy 1 (Mats Zuccarello, Simon Gagne) at 10:42
3. RedWings , Alexandre Burrows 1 (Paul Martin, Joe Thornton) at 14:24
4. BlackHawks , Jay McClement 1 (Mika Zibanejad, Martin Erat) at 15:39
5. BlackHawks , Dan Boyle 1 (Zach Parise, Antoine Vermette) at 18:07 (PP)

Penalties :
Brian Campbell (DET) for Tripping (Minor) at 16:09, Alexandre Burrows (DET) for Hooking (Minor) at 17:37

3rd period

6. BlackHawks , Zach Parise 2 (Antoine Vermette) at 8:53
7. RedWings , Taylor Beck 1 (Paul Martin, Brian Campbell) at 9:30
8. RedWings , Joe Thornton 2 (Keith Yandle, Paul Martin) at 19:52

Penalties :
Mark Eaton (CHI) for Tripping (Minor) at 4:37

Overtime #1

9. RedWings , Cam Janssen 1 (Tyler Toffoli, Keith Yandle) at 4:38

Penalties :
No Penalty

Goalie Stats

Braden Holtby (CHI), 26 saves from 31 shots - (0.839), OTL, 1-0-1, 64:39 minutes
Thomas Greiss (DET), 20 saves from 24 shots - (0.833), W, 1-1-0, 64:27 minutes

Players Stats for BlackHawks

Player Name              G  A  P  +/- PIM S  H  SB GA TA FO     MP     PP MP  PK MP  
------------------------------------------------------------------------------------
Alexander Killorn        0  0  0  -1  0   0  0  0  0  0  0/0     4:23   0:00   0:00 
Antoine Vermette         0  2  2   0  0   2  0  1  0  0  2/2    25:16   2:16   5:14 
Bryan Little             0  0  0   0  0   2  1  0  0  0  0/0    24:10   2:16   2:14 
Dan Boyle                1  0  1  -1  0   1  0  1  0  0  0/0    29:18   2:42   4:44 
Davis Drewiske           0  0  0  -1  0   0  0  2  0  0  0/0    18:45   2:16   2:44 
Francis Bouillon         0  0  0   0  2   1  2  1  0  0  0/0    12:58   0:00   0:00 
Jack Hillen              0  0  0   0  2   0  3  1  0  0  0/0    20:24   2:16   1:33 
Jamie McGinn             0  0  0   0  0   1  0  0  0  0  0/0     3:37   0:00   0:00 
Jay McClement            1  0  1  -2  0   3  0  0  0  0  6/16   22:25   2:42   2:14 
Mark Eaton               0  0  0   0  4   0  3  1  0  0  0/0    17:45   0:00   1:11 
Martin Erat              0  1  1  -2  0   0  1  1  0  0  5/11   23:31   2:42   5:14 
Mats Zuccarello          0  1  1   0  0   1  0  0  0  0  5/12   13:21   0:00   0:00 
Mika Zibanejad           0  1  1  -2  0   1  1  0  0  0  12/20  17:06   2:42   0:00 
P.K. Subban              0  0  0  -1  0   2  5  4  0  0  0/0    29:18   2:42   4:44 
Radko Gudas              0  0  0  -1  0   0  0  0  0  0  0/0     0:46   0:00   0:00 
Simon Gagne              0  1  1   1  0   1  0  0  0  0  0/0    12:35   0:00   0:00 
Tyler Kennedy            1  0  1   1  0   4  0  0  0  0  1/1    12:35   0:00   0:00 
Zach Parise              1  1  2   0  0   5  1  0  0  0  12/28  22:23   2:16   0:00 

Players Stats for RedWings

Player Name              G  A  P  +/- PIM S  H  SB GA TA FO     MP     PP MP  PK MP  
------------------------------------------------------------------------------------
Alexandre Burrows        1  0  1   1  2   5  3  0  0  0  0/0    24:55   3:48   0:28 
Andrew Cogliano          0  0  0  -1  0   4  1  1  0  0  1/4    21:07   3:40   3:54 
Brian Campbell           0  1  1   1  2   2  1  1  0  0  0/0    26:22   4:27   1:49 
Cam Janssen              1  0  1   0  0   1  1  0  0  0  0/2    10:40   0:51   0:00 
Casey Cizikas            0  0  0  -1  2   1  4  0  0  0  8/23   19:09   3:39   0:00 
Eric Brewer              0  1  1   1  0   0  0  2  0  0  0/0    21:40   3:01   1:41 
Eric Gryba               0  0  0   0  0   0  0  1  0  0  0/0     6:06   0:00   0:31 
Jared Spurgeon           0  0  0   1  0   2  2  2  0  0  0/0    22:37   3:01   2:38 
Joe Thornton             1  1  2   1  0   2  1  0  0  0  24/39  28:27   3:48   1:01 
Keith Yandle             0  2  2   1  0   0  0  1  0  0  0/0    10:06   0:00   0:00 
Mark Cundari             0  0  0  -1  0   0  1  1  0  0  0/0     5:02   0:00   0:00 
Mark Fraser              0  0  0  -1  0   2  3  0  0  0  0/0     8:47   0:00   0:00 
Nate Thompson            0  0  0  -1  0   2  2  0  0  0  9/13   15:41   3:48   3:22 
Paul Martin              0  3  3   2  0   4  1  2  0  0  0/0    28:37   4:27   3:17 
Ray Whitney              0  0  0   0  0   1  0  0  0  0  1/1     8:23   2:15   0:05 
Sergei Kostitsyn         0  0  0   2  0   1  0  0  0  0  1/1    21:41   0:00   0:00 
Taylor Beck              1  1  2   1  0   1  2  0  0  0  2/2    16:20   0:34   0:35 
Tyler Toffoli            1  1  2   3  0   3  0  0  0  0  1/5    16:57   0:00   0:00 

3 Stars

1 - Tyler Toffoli (DET)
2 - Paul Martin (DET)
3 - Taylor Beck (DET)

Power Play

BlackHawks - 1 on 3 Attempt(s) - 33.33%
RedWings - 0 on 4 Attempt(s) - 0.00%

Penalty Kill

BlackHawks - 4 on 4 Attempt(s) - 100.00% - Score 0 goal in Penalty Kill
RedWings - 2 on 3 Attempt(s) - 66.67% - Score 0 goal in Penalty Kill

Official

Referees : Kelly Sutherland and Gord Dwyer
Linesman : Brad Kovachik and Brad Lazarowich

Game Notes

Ray Whitney is injured at 2:39 of 2nd period (Bruised Right Leg)

Finance

Level 1 -- Attendance: 6500 (100.00%) -- Ticket Income $487,500
Level 2 -- Attendance: 5000 (100.00%) -- Ticket Income $250,000
Level 3 -- Attendance: 3500 (100.00%) -- Ticket Income $105,000
Level 4 -- Attendance: 3067 (75.43%) -- Ticket Income $61,340
Luxury Box -- Attendance: 1000 (100.00%) -- Ticket Income $150,000
Game was played at the Joe Louis Arena
Total Attendance: 19067 (95.02%)
Total Ticket Income: $1,053,840
Other Income: $158,076
Total Income: $1,211,916


% Time on Ice - BlackHawks

Lines # - Real PCT - Wanted PCT - Time Play
Normal Forward
1 - 34% - 40% - 15:44
2 - 31% - 30% - 14:24
3 - 27% - 20% - 12:35
4 - 8% - 10% - 3:37
Normal Defense
1 - 38% - 40% - 17:28
2 - 31% - 30% - 14:17
3 - 28% - 20% - 12:59
4 - 3% - 10% - 1:36
PP Forward
1 - 46% - 60% - 2:16
2 - 54% - 40% - 2:42
PP Defense
1 - 54% - 60% - 2:42
2 - 46% - 40% - 2:16
PK Forward
1 - 70% - 60% - 5:14
2 - 30% - 40% - 2:14
PK Defense
1 - 63% - 60% - 4:44
2 - 37% - 40% - 2:44
PK3 Forward
1 - 0% - 60%
2 - 0% - 40%
PK3 Defense
1 - 0% - 60%
2 - 0% - 40%
44 Forward
1 - 75% - 60% - 3:51
2 - 25% - 40% - 1:16
44 Defense
1 - 55% - 60% - 2:48
2 - 45% - 40% - 2:19
Last Minute Offensive  - 0:00
Last Minute Defensive  - 0:46
Total
Forward - 64:39
Defense - 64:39

% Time on Ice - RedWings

Lines # - Real PCT - Wanted PCT - Time Play
Normal Forward
1 - 43% - 40% - 19:53
2 - 26% - 30% - 12:06
3 - 13% - 20% - 5:50
4 - 18% - 10% - 8:31
Normal Defense
1 - 38% - 40% - 17:36
2 - 32% - 30% - 14:55
3 - 19% - 20% - 8:47
4 - 11% - 10% - 5:02
PP Forward
1 - 49% - 60% - 3:40
2 - 51% - 40% - 3:48
PP Defense
1 - 60% - 60% - 4:27
2 - 40% - 40% - 3:01
PK Forward
1 - 76% - 60% - 3:24
2 - 24% - 40% - 1:04
PK Defense
1 - 62% - 60% - 2:47
2 - 38% - 40% - 1:41
PK3 Forward
1 - 100% - 60% - 0:30
2 - 0% - 40% - 0:00
PK3 Defense
1 - 100% - 60% - 0:30
2 - 0% - 40% - 0:00
44 Forward
1 - 75% - 60% - 3:49
2 - 25% - 40% - 1:18
44 Defense
1 - 49% - 60% - 2:31
2 - 51% - 40% - 2:36
Last Minute Offensive  - 0:46
Last Minute Defensive  - 0:00
Total
Forward - 64:39
Defense - 64:39

Play by Play

1st period


0:01 of 1st period - Zach Parise wins face-off versus Joe Thornton in neutral zone.
0:09 of 1st period - Off-side.
0:10 of 1st period - Sergei Kostitsyn wins face-off versus Jay McClement in neutral zone.
0:32 of 1st period - Sergei Kostitsyn is hit by Mark Eaton.
0:46 of 1st period - Shot by Andrew Cogliano.
0:46 of 1st period - Stopped by Braden Holtby without a rebound.
0:47 of 1st period - Joe Thornton wins face-off versus Mats Zuccarello in BlackHawks zone.
0:48 of 1st period - Shot by Ray Whitney.
0:48 of 1st period - Deflect By Joe Thornton.
0:48 of 1st period - Shot Misses the Net.
0:56 of 1st period - Shot by Tyler Kennedy.
0:56 of 1st period - Shot Misses the Net.
1:09 of 1st period - Minor Penalty to Francis Bouillon for Hooking.
1:10 of 1st period - Martin Erat wins face-off versus Casey Cizikas in BlackHawks zone.
1:16 of 1st period - Icing by Ray Whitney.
1:17 of 1st period - Casey Cizikas wins face-off versus Martin Erat in RedWings zone.
1:38 of 1st period - Shot by Casey Cizikas.
1:38 of 1st period - Stopped by Braden Holtby without a rebound.
1:39 of 1st period - Joe Thornton wins face-off versus Martin Erat in BlackHawks zone.
1:39 of 1st period - Joe Thornton is hit by P.K. Subban.
1:41 of 1st period - Shot by Eric Brewer.
1:41 of 1st period - Shot Blocked by Antoine Vermette.
1:43 of 1st period - Shot by Eric Brewer.
1:43 of 1st period - Shot Misses the Net.
1:45 of 1st period - Shot by Jared Spurgeon.
1:45 of 1st period - Stopped by Braden Holtby with a rebound.
1:49 of 1st period - Shot by Alexandre Burrows.
1:49 of 1st period - Shot Blocked by Martin Erat.
1:51 of 1st period - Shot by Alexandre Burrows.
1:51 of 1st period - Stopped by Braden Holtby without a rebound.
1:52 of 1st period - Martin Erat wins face-off versus Joe Thornton in BlackHawks zone.
2:11 of 1st period - Shot by Brian Campbell.
2:11 of 1st period - Shot Blocked by P.K. Subban.
2:16 of 1st period - Joe Thornton is hit by P.K. Subban and loses puck.
2:40 of 1st period - Minor Penalty to Casey Cizikas for Slashing.
2:41 of 1st period - Jay McClement wins face-off versus Joe Thornton in RedWings zone.
3:43 of 1st period - Icing by Zach Parise.
3:44 of 1st period - Ray Whitney wins face-off versus Zach Parise in BlackHawks zone.
3:45 of 1st period - Shot by Andrew Cogliano.
3:45 of 1st period - Stopped by Braden Holtby without a rebound.
3:46 of 1st period - Nate Thompson wins face-off versus Jay McClement in BlackHawks zone.
5:51 of 1st period - Shot by Jared Spurgeon.
5:51 of 1st period - Shot Blocked by Mark Eaton.
5:53 of 1st period - Shot by Alexandre Burrows.
5:53 of 1st period - Stopped by Braden Holtby without a rebound.
5:54 of 1st period - Casey Cizikas wins face-off versus Zach Parise in BlackHawks zone.
6:19 of 1st period - Shot by Zach Parise.
6:19 of 1st period - Shot Misses the Net.
6:21 of 1st period - Shot by Jamie McGinn.
6:21 of 1st period - Stopped by Thomas Greiss without a rebound.
6:22 of 1st period - Mika Zibanejad wins face-off versus Joe Thornton in RedWings zone.
6:36 of 1st period - Icing by Alexandre Burrows.
6:37 of 1st period - Zach Parise wins face-off versus Joe Thornton in RedWings zone.
6:38 of 1st period - Shot by Bryan Little.
6:38 of 1st period - Shot Misses the Net.
7:14 of 1st period - Shot by Antoine Vermette.
7:14 of 1st period - Deflect By Zach Parise.
7:14 of 1st period - Stopped by Thomas Greiss without a rebound.
7:15 of 1st period - Mika Zibanejad wins face-off versus Casey Cizikas in RedWings zone.
7:21 of 1st period - Brian Campbell is hit by Jack Hillen and loses puck.
7:41 of 1st period - Minor Penalty to Mark Eaton for Hooking.
7:42 of 1st period - Martin Erat wins face-off versus Joe Thornton in BlackHawks zone.
8:09 of 1st period - Shot by Alexandre Burrows.
8:09 of 1st period - Stopped by Braden Holtby with a rebound.
8:11 of 1st period - Shot by Alexandre Burrows.
8:11 of 1st period - Stopped by Braden Holtby without a rebound.
8:12 of 1st period - Martin Erat wins face-off versus Casey Cizikas in BlackHawks zone.
8:23 of 1st period - Shot by Andrew Cogliano.
8:23 of 1st period - Shot Misses the Net.
8:25 of 1st period - Shot by Casey Cizikas.
8:25 of 1st period - Shot Misses the Net.
8:49 of 1st period - Shot by Ray Whitney.
8:49 of 1st period - Stopped by Braden Holtby without a rebound.
8:50 of 1st period - Joe Thornton wins face-off versus Jay McClement in BlackHawks zone.
8:57 of 1st period - Shot by Alexandre Burrows.
8:57 of 1st period - Shot Blocked by P.K. Subban.
8:59 of 1st period - Shot by Jared Spurgeon.
8:59 of 1st period - Stopped by Braden Holtby without a rebound.
9:00 of 1st period - Joe Thornton wins face-off versus Jay McClement in BlackHawks zone.
9:44 of 1st period - Shot by Mats Zuccarello.
9:44 of 1st period - Shot Misses the Net.
9:58 of 1st period - Shot by Andrew Cogliano.
9:58 of 1st period - Shot Blocked by Francis Bouillon.
10:00 of 1st period - Shot by Sergei Kostitsyn.
10:00 of 1st period - Deflect By Andrew Cogliano.
10:00 of 1st period - Stopped by Braden Holtby without a rebound.
10:01 of 1st period - Taylor Beck wins face-off versus Zach Parise in BlackHawks zone.
10:01 of 1st period - Taylor Beck is hit by Mark Eaton.
10:02 of 1st period - Minor Penalty to Jack Hillen for Slashing.
10:03 of 1st period - Casey Cizikas wins face-off versus Martin Erat in BlackHawks zone.
10:29 of 1st period - Shot by Paul Martin.
10:29 of 1st period - Stopped by Braden Holtby without a rebound.
10:30 of 1st period - Joe Thornton wins face-off versus Jay McClement in BlackHawks zone.
11:39 of 1st period - Shot by Paul Martin.
11:39 of 1st period - Stopped by Braden Holtby without a rebound.
11:40 of 1st period - Jay McClement wins face-off versus Casey Cizikas in BlackHawks zone.
11:49 of 1st period - Shot by Paul Martin.
11:49 of 1st period - Shot Blocked by P.K. Subban.
11:51 of 1st period - Shot by Paul Martin.
11:51 of 1st period - Stopped by Braden Holtby without a rebound.
11:52 of 1st period - Casey Cizikas wins face-off versus Martin Erat in BlackHawks zone.
11:53 of 1st period - Shot by Paul Martin.
11:53 of 1st period - Shot Misses the Net.
12:22 of 1st period - Icing by Mark Eaton.
12:23 of 1st period - Zach Parise wins face-off versus Joe Thornton in BlackHawks zone.
12:57 of 1st period - Icing by Paul Martin.
12:58 of 1st period - Mika Zibanejad wins face-off versus Joe Thornton in RedWings zone.
13:06 of 1st period - Off-side.
13:07 of 1st period - Mika Zibanejad wins face-off versus Casey Cizikas in neutral zone.
14:29 of 1st period - Shot by Ray Whitney.
14:29 of 1st period - Shot Misses the Net.
14:36 of 1st period - Icing by Davis Drewiske.
14:37 of 1st period - Nate Thompson wins face-off versus Zach Parise in BlackHawks zone.
15:17 of 1st period - Icing by Davis Drewiske.
15:18 of 1st period - Joe Thornton wins face-off versus Zach Parise in BlackHawks zone.
16:19 of 1st period - Shot by Tyler Toffoli.
16:19 of 1st period - Stopped by Braden Holtby without a rebound.
16:20 of 1st period - Casey Cizikas wins face-off versus Mika Zibanejad in BlackHawks zone.
16:20 of 1st period - Brian Campbell is hit by P.K. Subban and loses puck.
16:29 of 1st period - Shot by Jay McClement.
16:29 of 1st period - Stopped by Thomas Greiss with a rebound.
16:31 of 1st period - Shot by Jay McClement.
16:31 of 1st period - Shot Misses the Net.
17:19 of 1st period - Shot by Simon Gagne.
17:19 of 1st period - Shot Misses the Net.
17:21 of 1st period - Shot by Mats Zuccarello.
17:21 of 1st period - Shot Misses the Net.
17:23 of 1st period - Shot by Tyler Kennedy.
17:23 of 1st period - Shot Misses the Net.
18:33 of 1st period - Shot by Antoine Vermette.
18:33 of 1st period - Shot Blocked by Jared Spurgeon.
19:21 of 1st period - Shot by Nate Thompson.
19:21 of 1st period - Stopped by Braden Holtby with a rebound.

2nd period


0:01 of 2nd period - Zach Parise wins face-off versus Joe Thornton in neutral zone.
0:01 of 2nd period - Dan Boyle is hit by Alexandre Burrows and loses puck.
0:18 of 2nd period - Shot by Zach Parise.
0:18 of 2nd period - Stopped by Thomas Greiss without a rebound.
0:19 of 2nd period - Mika Zibanejad wins face-off versus Tyler Toffoli in RedWings zone.
0:22 of 2nd period - Shot by Jay McClement.
0:22 of 2nd period - Shot Misses the Net.
0:35 of 2nd period - Taylor Beck is hit by Mark Eaton and loses puck.
0:40 of 2nd period - Shot by Tyler Toffoli.
0:40 of 2nd period - Goal by Tyler Toffoli - BlackHawks : 0 - RedWings : 1.
0:41 of 2nd period - Zach Parise wins face-off versus Joe Thornton in neutral zone.
2:28 of 2nd period - Shot by Mika Zibanejad.
2:28 of 2nd period - Shot Blocked by Eric Brewer.
2:34 of 2nd period - Martin Erat is hit by Taylor Beck.
2:37 of 2nd period - Icing by Mark Eaton.
2:38 of 2nd period - Joe Thornton wins face-off versus Jay McClement in BlackHawks zone.
2:38 of 2nd period - Ray Whitney is hit by Jack Hillen and loses puck.
2:39 of 2nd period - Ray Whitney from RedWings is injured at 2:39 of 2nd period (Bruised Right Leg).
2:40 of 2nd period - Tyler Kennedy wins face-off versus Joe Thornton in BlackHawks zone.
2:40 of 2nd period - Tyler Kennedy is hit by Alexandre Burrows.
2:50 of 2nd period - Off-side.
2:51 of 2nd period - Joe Thornton wins face-off versus Jay McClement in neutral zone.
3:10 of 2nd period - Off-side.
3:11 of 2nd period - Nate Thompson wins face-off versus Mats Zuccarello in neutral zone.
3:21 of 2nd period - Davis Drewiske is hit by Mark Fraser.
3:26 of 2nd period - Mats Zuccarello is hit by Mark Fraser and loses puck.
3:44 of 2nd period - Mats Zuccarello is hit by Mark Fraser and loses puck.
4:52 of 2nd period - Alexandre Burrows is hit by P.K. Subban and loses puck.
5:26 of 2nd period - Martin Erat is hit by Andrew Cogliano and loses puck.
5:59 of 2nd period - Icing by Mark Eaton.
6:00 of 2nd period - Joe Thornton wins face-off versus Mika Zibanejad in BlackHawks zone.
6:24 of 2nd period - Shot by P.K. Subban.
6:24 of 2nd period - Shot Misses the Net.
6:53 of 2nd period - Icing by Keith Yandle.
6:54 of 2nd period - Mats Zuccarello wins face-off versus Tyler Toffoli in RedWings zone.
6:58 of 2nd period - Icing by Mark Fraser.
6:59 of 2nd period - Taylor Beck wins face-off versus Mats Zuccarello in RedWings zone.
7:04 of 2nd period - Davis Drewiske is hit by Taylor Beck and loses puck.
7:13 of 2nd period - Shot by Sergei Kostitsyn.
7:13 of 2nd period - Deflect By Tyler Toffoli.
7:13 of 2nd period - Stopped by Braden Holtby without a rebound.
7:14 of 2nd period - Jay McClement wins face-off versus Nate Thompson in BlackHawks zone.
7:24 of 2nd period - Icing by Paul Martin.
7:25 of 2nd period - Antoine Vermette wins face-off versus Cam Janssen in RedWings zone.
8:24 of 2nd period - Shot by Alexandre Burrows.
8:24 of 2nd period - Shot Misses the Net.
8:26 of 2nd period - Shot by Joe Thornton.
8:26 of 2nd period - Shot Misses the Net.
8:40 of 2nd period - Joe Thornton is hit by Martin Erat.
9:01 of 2nd period - Icing by Martin Erat.
9:02 of 2nd period - Mika Zibanejad wins face-off versus Casey Cizikas in BlackHawks zone.
9:02 of 2nd period - Mika Zibanejad is hit by Casey Cizikas.
9:05 of 2nd period - Icing by Martin Erat.
9:06 of 2nd period - Jay McClement wins face-off versus Casey Cizikas in BlackHawks zone.
9:06 of 2nd period - Jay McClement is hit by Casey Cizikas.
9:41 of 2nd period - Icing by Zach Parise.
9:42 of 2nd period - Joe Thornton wins face-off versus Zach Parise in BlackHawks zone.
9:52 of 2nd period - Bryan Little is hit by Jared Spurgeon and loses puck.
9:58 of 2nd period - Zach Parise is hit by Jared Spurgeon and loses puck.
10:03 of 2nd period - Shot by Zach Parise.
10:03 of 2nd period - Stopped by Thomas Greiss without a rebound.
10:04 of 2nd period - Mats Zuccarello wins face-off versus Cam Janssen in RedWings zone.
10:25 of 2nd period - Davis Drewiske is hit by Nate Thompson and loses puck.
10:38 of 2nd period - Shot by Mats Zuccarello.
10:38 of 2nd period - Shot Misses the Net.
10:40 of 2nd period - Shot by Mats Zuccarello.
10:40 of 2nd period - Shot Misses the Net.
10:42 of 2nd period - Shot by Tyler Kennedy.
10:42 of 2nd period - Goal by Tyler Kennedy - BlackHawks : 1 - RedWings : 1.
10:43 of 2nd period - Joe Thornton wins face-off versus Zach Parise in neutral zone.
11:16 of 2nd period - Shot by Bryan Little.
11:16 of 2nd period - Stopped by Thomas Greiss without a rebound.
11:17 of 2nd period - Mika Zibanejad wins face-off versus Casey Cizikas in RedWings zone.
12:48 of 2nd period - Shot by Antoine Vermette.
12:48 of 2nd period - Stopped by Thomas Greiss without a rebound.
12:49 of 2nd period - Joe Thornton wins face-off versus Mats Zuccarello in RedWings zone.
12:53 of 2nd period - Paul Martin is hit by Francis Bouillon.
13:23 of 2nd period - Shot by Paul Martin.
13:23 of 2nd period - Shot Misses the Net.
13:25 of 2nd period - Shot by Brian Campbell.
13:25 of 2nd period - Stopped by Braden Holtby with a rebound.
13:40 of 2nd period - Icing by Davis Drewiske.
13:41 of 2nd period - Nate Thompson wins face-off versus Mats Zuccarello in BlackHawks zone.
13:50 of 2nd period - Shot by Taylor Beck.
13:50 of 2nd period - Deflect By Nate Thompson.
13:50 of 2nd period - Shot Misses the Net.
13:52 of 2nd period - Shot by Taylor Beck.
13:52 of 2nd period - Shot Misses the Net.
13:54 of 2nd period - Shot by Taylor Beck.
13:54 of 2nd period - Shot Misses the Net.
13:56 of 2nd period - Shot by Nate Thompson.
13:56 of 2nd period - Stopped by Braden Holtby without a rebound.
13:57 of 2nd period - Nate Thompson wins face-off versus Zach Parise in BlackHawks zone.
14:16 of 2nd period - Shot by Nate Thompson.
14:16 of 2nd period - Shot Misses the Net.
14:18 of 2nd period - Shot by Mark Fraser.
14:18 of 2nd period - Stopped by Braden Holtby without a rebound.
14:19 of 2nd period - Joe Thornton wins face-off versus Martin Erat in BlackHawks zone.
14:22 of 2nd period - Shot by Joe Thornton.
14:22 of 2nd period - Shot Misses the Net.
14:24 of 2nd period - Shot by Paul Martin.
14:24 of 2nd period - Deflect By Alexandre Burrows.
14:24 of 2nd period - Goal by Alexandre Burrows - BlackHawks : 1 - RedWings : 2.
14:25 of 2nd period - Joe Thornton wins face-off versus Zach Parise in neutral zone.
15:09 of 2nd period - Off-side.
15:10 of 2nd period - Mika Zibanejad wins face-off versus Casey Cizikas in neutral zone.
15:20 of 2nd period - Off-side.
15:21 of 2nd period - Mats Zuccarello wins face-off versus Nate Thompson in neutral zone.
15:32 of 2nd period - Shot by Tyler Kennedy.
15:32 of 2nd period - Stopped by Thomas Greiss without a rebound.
15:33 of 2nd period - Mika Zibanejad wins face-off versus Casey Cizikas in RedWings zone.
15:33 of 2nd period - Martin Erat is hit by Paul Martin.
15:35 of 2nd period - Shot by Jay McClement.
15:35 of 2nd period - Shot Blocked by Brian Campbell.
15:37 of 2nd period - Shot by Mika Zibanejad.
15:37 of 2nd period - Stopped by Thomas Greiss with a rebound.
15:39 of 2nd period - Shot by Jay McClement.
15:39 of 2nd period - Goal by Jay McClement - BlackHawks : 2 - RedWings : 2.
15:40 of 2nd period - Joe Thornton wins face-off versus Zach Parise in neutral zone.
16:09 of 2nd period - Minor Penalty to Brian Campbell for Tripping.
16:10 of 2nd period - Mika Zibanejad wins face-off versus Nate Thompson in RedWings zone.
16:13 of 2nd period - Shot by Davis Drewiske.
16:13 of 2nd period - Shot Misses the Net.
16:45 of 2nd period - Icing by Martin Erat.
16:46 of 2nd period - Nate Thompson wins face-off versus Mika Zibanejad in BlackHawks zone.
16:53 of 2nd period - Shot by Jared Spurgeon.
16:53 of 2nd period - Shot Blocked by Jack Hillen.
16:55 of 2nd period - Shot by Nate Thompson.
16:55 of 2nd period - Deflect By Andrew Cogliano.
16:55 of 2nd period - Stopped by Braden Holtby without a rebound.
16:56 of 2nd period - Nate Thompson wins face-off versus Zach Parise in BlackHawks zone.
17:05 of 2nd period - Shot by P.K. Subban.
17:05 of 2nd period - Shot Blocked by Eric Gryba.
17:07 of 2nd period - Shot by Dan Boyle.
17:07 of 2nd period - Shot Misses the Net.
17:09 of 2nd period - Shot by Antoine Vermette.
17:09 of 2nd period - Shot Misses the Net.
17:11 of 2nd period - Shot by Antoine Vermette.
17:11 of 2nd period - Stopped by Thomas Greiss with a rebound.
17:13 of 2nd period - Shot by Dan Boyle.
17:13 of 2nd period - Deflect By Zach Parise.
17:13 of 2nd period - Shot Blocked by Paul Martin.
17:15 of 2nd period - Shot by P.K. Subban.
17:15 of 2nd period - Shot Blocked by Andrew Cogliano.
17:25 of 2nd period - Shot by Bryan Little.
17:25 of 2nd period - Stopped by Thomas Greiss without a rebound.
17:26 of 2nd period - Joe Thornton wins face-off versus Mika Zibanejad in RedWings zone.
17:32 of 2nd period - Icing by Davis Drewiske.
17:33 of 2nd period - Jay McClement wins face-off versus Joe Thornton in BlackHawks zone.
17:37 of 2nd period - Minor Penalty to Alexandre Burrows for Hooking.
17:38 of 2nd period - Zach Parise wins face-off versus Andrew Cogliano in RedWings zone.
17:51 of 2nd period - Shot by P.K. Subban.
17:51 of 2nd period - Stopped by Thomas Greiss without a rebound.
17:52 of 2nd period - Mika Zibanejad wins face-off versus Andrew Cogliano in RedWings zone.
17:53 of 2nd period - Shot by P.K. Subban.
17:53 of 2nd period - Stopped by Thomas Greiss without a rebound.
17:54 of 2nd period - Andrew Cogliano wins face-off versus Zach Parise in RedWings zone.
18:07 of 2nd period - Shot by Dan Boyle.
18:07 of 2nd period - Goal by Dan Boyle - BlackHawks : 3 - RedWings : 2.
18:08 of 2nd period - Mika Zibanejad wins face-off versus Andrew Cogliano in neutral zone.
18:11 of 2nd period - Shot by P.K. Subban.
18:11 of 2nd period - Shot Blocked by Paul Martin.
18:47 of 2nd period - Shot by P.K. Subban.
18:47 of 2nd period - Shot Misses the Net.
19:27 of 2nd period - Shot by Bryan Little.
19:27 of 2nd period - Shot Blocked by Jared Spurgeon.

3rd period


0:01 of 3rd period - Zach Parise wins face-off versus Tyler Toffoli in neutral zone.
1:20 of 3rd period - Shot by Mika Zibanejad.
1:20 of 3rd period - Shot Misses the Net.
1:22 of 3rd period - Shot by Jay McClement.
1:22 of 3rd period - Stopped by Thomas Greiss without a rebound.
1:23 of 3rd period - Nate Thompson wins face-off versus Mats Zuccarello in RedWings zone.
1:33 of 3rd period - Simon Gagne is hit by Nate Thompson and loses puck.
1:44 of 3rd period - Shot by Tyler Kennedy.
1:44 of 3rd period - Shot Blocked by Keith Yandle.
1:46 of 3rd period - Shot by Simon Gagne.
1:46 of 3rd period - Deflect By Tyler Kennedy.
1:46 of 3rd period - Stopped by Thomas Greiss with a rebound.
1:48 of 3rd period - Shot by Tyler Kennedy.
1:48 of 3rd period - Stopped by Thomas Greiss with a rebound.
1:50 of 3rd period - Shot by Francis Bouillon.
1:50 of 3rd period - Stopped by Thomas Greiss without a rebound.
1:51 of 3rd period - Jay McClement wins face-off versus Joe Thornton in RedWings zone.
1:56 of 3rd period - Shot by Mika Zibanejad.
1:56 of 3rd period - Deflect By Jay McClement.
1:56 of 3rd period - Shot Misses the Net.
2:10 of 3rd period - Shot by Joe Thornton.
2:10 of 3rd period - Stopped by Braden Holtby without a rebound.
2:11 of 3rd period - Mats Zuccarello wins face-off versus Casey Cizikas in BlackHawks zone.
3:18 of 3rd period - Icing by Jared Spurgeon.
3:19 of 3rd period - Joe Thornton wins face-off versus Zach Parise in RedWings zone.
4:04 of 3rd period - Zach Parise is hit by Alexandre Burrows.
4:36 of 3rd period - Shot by Taylor Beck.
4:36 of 3rd period - Shot Misses the Net.
4:37 of 3rd period - Minor Penalty to Mark Eaton for Tripping.
4:38 of 3rd period - Casey Cizikas wins face-off versus Martin Erat in BlackHawks zone.
4:45 of 3rd period - Shot by Brian Campbell.
4:45 of 3rd period - Stopped by Braden Holtby without a rebound.
4:46 of 3rd period - Antoine Vermette wins face-off versus Casey Cizikas in BlackHawks zone.
4:46 of 3rd period - Antoine Vermette is hit by Casey Cizikas.
5:02 of 3rd period - Shot by Paul Martin.
5:02 of 3rd period - Shot Misses the Net.
5:04 of 3rd period - Shot by Brian Campbell.
5:04 of 3rd period - Shot Misses the Net.
5:06 of 3rd period - Shot by Brian Campbell.
5:06 of 3rd period - Deflect By Casey Cizikas.
5:06 of 3rd period - Shot Blocked by Dan Boyle.
5:48 of 3rd period - Shot by Jared Spurgeon.
5:48 of 3rd period - Deflect By Joe Thornton.
5:48 of 3rd period - Shot Blocked by P.K. Subban.
7:14 of 3rd period - Shot by Jamie McGinn.
7:14 of 3rd period - Deflect By Zach Parise.
7:14 of 3rd period - Stopped by Thomas Greiss with a rebound.
7:46 of 3rd period - Shot by Simon Gagne.
7:46 of 3rd period - Stopped by Thomas Greiss without a rebound.
7:47 of 3rd period - Joe Thornton wins face-off versus Mika Zibanejad in RedWings zone.
7:51 of 3rd period - Off-side.
7:52 of 3rd period - Zach Parise wins face-off versus Joe Thornton in neutral zone.
7:58 of 3rd period - Icing by Eric Brewer.
7:59 of 3rd period - Joe Thornton wins face-off versus Mats Zuccarello in RedWings zone.
8:26 of 3rd period - Icing by Simon Gagne.
8:27 of 3rd period - Mats Zuccarello wins face-off versus Casey Cizikas in BlackHawks zone.
8:42 of 3rd period - Shot by Mats Zuccarello.
8:42 of 3rd period - Stopped by Thomas Greiss without a rebound.
8:43 of 3rd period - Joe Thornton wins face-off versus Zach Parise in RedWings zone.
8:53 of 3rd period - Shot by Zach Parise.
8:53 of 3rd period - Goal by Zach Parise - BlackHawks : 4 - RedWings : 2.
8:54 of 3rd period - Tyler Toffoli wins face-off versus Mika Zibanejad in neutral zone.
9:30 of 3rd period - Shot by Taylor Beck.
9:30 of 3rd period - Goal by Taylor Beck - BlackHawks : 4 - RedWings : 3.
9:31 of 3rd period - Zach Parise wins face-off versus Casey Cizikas in neutral zone.
11:48 of 3rd period - Andrew Cogliano is hit by Mika Zibanejad and loses puck.
11:55 of 3rd period - Andrew Cogliano is hit by Francis Bouillon and loses puck.
11:58 of 3rd period - Shot by Casey Cizikas.
11:58 of 3rd period - Shot Blocked by Davis Drewiske.
12:00 of 3rd period - Shot by Andrew Cogliano.
12:00 of 3rd period - Shot Misses the Net.
12:18 of 3rd period - Shot by Jay McClement.
12:18 of 3rd period - Shot Blocked by Mark Cundari.
13:13 of 3rd period - Icing by Mark Cundari.
13:14 of 3rd period - Zach Parise wins face-off versus Tyler Toffoli in RedWings zone.
14:11 of 3rd period - Mark Eaton is hit by Brian Campbell and loses puck.
15:01 of 3rd period - Off-side.
15:02 of 3rd period - Casey Cizikas wins face-off versus Zach Parise in neutral zone.
15:02 of 3rd period - Keith Yandle is hit by Zach Parise.
15:08 of 3rd period - Shot by Sergei Kostitsyn.
15:08 of 3rd period - Stopped by Braden Holtby without a rebound.
15:09 of 3rd period - Zach Parise wins face-off versus Casey Cizikas in BlackHawks zone.
15:09 of 3rd period - Zach Parise is hit by Casey Cizikas.
15:28 of 3rd period - Icing by P.K. Subban.
15:29 of 3rd period - Zach Parise wins face-off versus Nate Thompson in BlackHawks zone.
15:44 of 3rd period - Off-side.
15:45 of 3rd period - Casey Cizikas wins face-off versus Mika Zibanejad in neutral zone.
16:51 of 3rd period - Shot by Zach Parise.
16:51 of 3rd period - Shot Misses the Net.
18:33 of 3rd period - Shot by Taylor Beck.
18:33 of 3rd period - Shot Blocked by Davis Drewiske.
18:35 of 3rd period - Shot by Mark Fraser.
18:35 of 3rd period - Stopped by Braden Holtby without a rebound.
18:36 of 3rd period - Martin Erat wins face-off versus Joe Thornton in BlackHawks zone.
18:36 of 3rd period - Mika Zibanejad is hit by Mark Cundari and loses puck.
19:06 of 3rd period - Off-side.
19:07 of 3rd period - Joe Thornton wins face-off versus Zach Parise in neutral zone.
19:40 of 3rd period - RedWings, Thomas Greiss is pulled from the net.
19:50 of 3rd period - Shot by Keith Yandle.
19:50 of 3rd period - Shot Misses the Net.
19:52 of 3rd period - Shot by Joe Thornton.
19:52 of 3rd period - Goal by Joe Thornton - BlackHawks : 4 - RedWings : 4.
19:52 of 3rd period - Thomas Greiss from RedWings was sent back in the game.
19:53 of 3rd period - Nate Thompson wins face-off versus Mika Zibanejad in neutral zone.

Overtime #1


0:01 of 1st overtime period - Joe Thornton wins face-off versus Jay McClement in neutral zone.
0:03 of 1st overtime period - Paul Martin is hit by P.K. Subban and loses puck.
0:22 of 1st overtime period - Shot by Paul Martin.
0:22 of 1st overtime period - Stopped by Braden Holtby with a rebound.
0:51 of 1st overtime period - Icing by Paul Martin.
0:52 of 1st overtime period - Joe Thornton wins face-off versus Jay McClement in RedWings zone.
0:54 of 1st overtime period - Icing by Paul Martin.
0:55 of 1st overtime period - Joe Thornton wins face-off versus Jay McClement in RedWings zone.
0:55 of 1st overtime period - Joe Thornton is hit by Bryan Little.
1:21 of 1st overtime period - Mark Eaton is hit by Cam Janssen and loses puck.
1:44 of 1st overtime period - Tyler Toffoli is hit by Jack Hillen and loses puck.
2:15 of 1st overtime period - Shot by Sergei Kostitsyn.
2:15 of 1st overtime period - Shot Misses the Net.
2:45 of 1st overtime period - Shot by Eric Brewer.
2:45 of 1st overtime period - Shot Misses the Net.
3:05 of 1st overtime period - Shot by Martin Erat.
3:05 of 1st overtime period - Shot Misses the Net.
3:07 of 1st overtime period - Shot by Dan Boyle.
3:07 of 1st overtime period - Shot Blocked by Eric Brewer.
4:00 of 1st overtime period - Davis Drewiske is hit by Joe Thornton and loses puck.
4:36 of 1st overtime period - Shot by Tyler Toffoli.
4:36 of 1st overtime period - Shot Misses the Net.
4:38 of 1st overtime period - Shot by Cam Janssen.
4:38 of 1st overtime period - Goal by Cam Janssen - BlackHawks : 4 - RedWings : 5.


Output by the SimonT Hockey Simulator (STHS) for Stephane Roy -- Original Page W3C XHTML 1.0 Valid
Hockey Simulator - Hockey Simulation - Hockey Manager